 Dungeon Crawl Stone Soup version 0.32-a0-132-g2d33c3cfaf (webtiles) character file.

Game seed: 11266409785607757846

78 lilalause the Sneak (level 4, -2/29 HPs)
             Began as a Kobold Delver on Feb 9, 2024.
             Slain by an iguana (4 damage)
             ... on level 5 of the Dungeon.
             The game lasted 00:01:38 (596 turns).

lilalause the Sneak (Kobold Delver)                  Turns: 596, Time: 00:01:39

Health: -2/29      AC:  3    Str:  9    XL:     4   Next: 61%
Magic:  4/4        EV: 15    Int: 11    God:
Gold:   46         SH:  0    Dex: 18    Spells: 3/3 levels left

rFire   . . .        a - +0 rapier
rCold   . . .        (no shield)
rNeg    . . .        i - +0 leather armour
rPois   .            (no helmet)
rElec   .            (no cloak)
rCorr   .            (no gloves)
SInv    .            (no boots)
Will    .....        (no amulet)
Stlth   +++++        (no ring)
HPRegen 0.24/turn    (no ring)
MPRegen 0.09/turn

%: no passive effects
@: hasted, very quick
A: small, no large weapons, nightstalker 3
a: no special abilities


You were on level 5 of the Dungeon.
You visited 1 branch of the dungeon, and saw 3 of its levels.

You collected 46 gold pieces.

Inventory:

Hand Weapons
 a - a +0 rapier (weapon)
 b - a +0 short sword
 l - a +0 falchion
Armour
 i - a +0 leather armour (worn)
Wands
 g - a wand of digging (3)
Scrolls
 c - a scroll of fog
 d - 2 scrolls of revelation
 k - a scroll of blinking {unknown}
Potions
 e - a potion of berserk rage {unknown}
 h - a potion of enlightenment {unknown}
 j - a potion of degeneration {unknown}


   Skills:
 + Level 3.9 Fighting
 + Level 3.7 Short Blades
 + Level 3.4 Dodging
 + Level 7.3 Stealth


You had 3 spell levels left.
You didn't know any spells.
Your spell library was empty.

Dungeon Overview and Level Annotations

Branches:
Dungeon (6/15)
 Temple: D:4-7

Altars:
Nemelex Xobeh

Annotations:
D:5 exclusions: hound, ogre and water moccasin
D:6 exclusion: iguana


Innate Abilities, Weirdness & Mutations

You are small and have problems with some larger weapons.
You are completely attuned to the shadows.


Message History

k - a scroll labelled WAZ UKOAVAYCE You see here a +0 falchion.
l - a +0 falchion
There is a stone staircase leading down here.
You climb downwards.
Level annotation: exclusions: ogre and water moccasin
There is a stone staircase leading up here.
You see here a +0 plate armour.
A hound comes into view.
Unknown command.
You see here a +0 plate armour.
A bombardier beetle comes into view.
The helpless bombardier beetle fails to defend itself.
You impale the bombardier beetle!!
You kill the bombardier beetle!
Found a sparkling altar of Nemelex Xobeh.
An iguana comes into view.
An iguana is nearby!
Unknown command.
The iguana hisses angrily.
Found an ivory ring.
The iguana misses you.
You barely miss the iguana. The iguana barely misses you.
You barely miss the iguana. The iguana closely misses you.
You hit the iguana but do no damage. The iguana closely misses you.
You hit the iguana.
The iguana is lightly wounded.
The iguana bites you!
You hit the iguana.
The iguana is moderately wounded.
The iguana bites you!
You are too injured to fight recklessly!
You are too injured to fight recklessly!
You are too injured to fight recklessly!
You barely miss the iguana.
The iguana is moderately wounded.
The iguana bites you!
* * * LOW HITPOINT WARNING * * *
Unknown command.
You feel yourself speed up. The iguana bites you.
You die...

........#..#.#.##.....#....
.....##.#..#.#.####...#....
.....##...##.#.####...#....
....>...#<...#.............
......#.###########...##...
......#......# #...##...
......######.# #...##...
......#......# #...##...
#..l@..# #...##.†.
#.......# ######...
#....._.# #... .........#
#... =...⌠....#


You could see an iguana.

Vanquished Creatures
  A bombardier beetle (D:5)
  A hound (D:5)
  An adder (D:5)
  5 orcs (D:5)
  An endoplasm (D:4)
9 creatures vanquished.

Notes
Turn   | Place    | Note
-------+----------+-------------------------------------------
     0 | D:5      | lilalause the Kobold Delver began the quest for the Orb.
     0 | D:5      | Reached XP level 1. HP: 14/14 MP: 1/1
    58 | D:6      | Noticed an iguana
    80 | D:6      | Noticed a centaur
   172 | D:5      | Noticed a hound
   176 | D:5      | Killed a hound
   177 | D:5      | Reached XP level 2. HP: 20/20 MP: 2/2
   177 | D:5      | Reached XP level 3. HP: 24/24 MP: 3/3
   320 | D:5      | Reached skill level 7 in Stealth
   428 | D:5      | Reached XP level 4. HP: 29/29 MP: 4/4
   456 | D:5      | Noticed an ogre
   502 | D:5      | Noticed a water moccasin
   585 | D:5      | Found a sparkling altar of Nemelex Xobeh.
   595 | D:5      | HP: 1/29 [iguana (8)]
   596 | D:5      | Slain by an iguana

Illustrated notes

Levels and vault maps discovered:
D:4:      layout_rooms, elyvilon_altar_4, minmay_temple_entry_glassed_door
D:5:      layout_basic, grunt_temple_overflow_open
D:6:      layout_loops_ring

Skill      XL: |  1  2  3 |
---------------+----------+-----
Short Blades   | 3 |  3.7
Dodging        | 3 |  3.4
Stealth        | 7 |  7.3
Fighting       | |  3.9

Action                     |  1- 3 |  4- 6 || total
---------------------------+-------+-------++-------
  Melee: Rapier            |    16 |     7 ||    23
    Use: Scroll            |     1 |       ||     1
         Potion            |       |     1 ||     1
   Stab: Sleeping          |     4 |     1 ||     5
 Armour: Leather armour    |     3 |     4 ||     7
  Dodge: Dodged            |     8 |     4 ||    12

Table legend: (Time is in decaauts)
 A = Elapsed time spent in this place.
 B = Non-inter-level travel time spent in this place.
 C = Inter-level travel time spent in this place.
 D = Time resting spent in this place.
 E = Time spent auto-exploring this place.
 F = Levels seen in this place.
 G = Mean time per level.
                   A        B        C        D        E       F      G
               +--------+--------+--------+--------+--------+-----+--------+
         Total |    597 |    577 |     20 |      0 |    464 |   3 |  199.0 |
       Dungeon |    597 |    577 |     20 |      0 |    464 |   3 |  199.0 |
               +--------+--------+--------+--------+--------+-----+--------+

Top non-repeatable levels by time:
     D:5: 481 daAuts
     D:6: 96 daAuts
     D:4: 19 daAuts
